 Dungeon Crawl Stone Soup version 0.22.1-2-g9c5b331 (webtiles) character file.

70 whitewolfNL the Cudgeler (level 4, -3/40 HPs)
             Began as a Minotaur Berserker on Nov 28, 2018.
             Was a Believer of Trog.
             Slain by Natasha (4 damage)
             ... on level 2 of the Dungeon.
             The game lasted 00:03:51 (1150 turns).

whitewolfNL the Cudgeler (Minotaur Berserker)       Turns: 1150, Time: 00:03:54

Health: -3/40      AC:  5    Str: 21    XL:     4   Next: 4%
Magic:  3/3        EV: 12    Int:  5    God:    Trog [**....]
Gold:   14         SH:  0    Dex: 10    Spells: 3/3 levels left

rFire    . . .     SeeInvis .   a - +0 mace
rCold    . . .     Gourm    .   (no shield)
rNeg     . . .     Faith    .   k - +0 leather armour
rPois    .         Spirit   .   (helmet restricted)
rElec    .         Reflect  .   (no cloak)
rCorr    .         Harm     .   (no gloves)
MR       .....                  (no boots)
Stlth    +.........             (no amulet)
HPRegen  0.13/turn              (no ring)
MPRegen  0.08/turn              (no ring)

@: slowed, very slow
A: retaliatory headbutt, horns 2, slimy green scales 1, sense surroundings 1,
wild magic 1, MP-powered wands
a: Berserk, Trog's Hand, Renounce Religion


You were on level 2 of the Dungeon.
You worshipped Trog.
Trog was pleased with you.
You were not hungry.

You visited 1 branch of the dungeon, and saw 2 of its levels.

You collected 14 gold pieces.

Inventory:

Hand Weapons
 a - a +0 mace (weapon)
Missiles
 l - 22 bolts
 p - 39 arrows
Armour
 k - a +0 leather armour (worn)
Jewellery
 b - an uncursed amulet of harm {unknown}
 i - an uncursed amulet of rage {unknown}
Wands
 n - a wand of flame (31)
Scrolls
 d - 2 scrolls of identify {unknown}
 h - a scroll of amnesia {unknown}
 j - a scroll of fog {unknown}
 m - 2 scrolls of teleportation {unknown}
Potions
 e - a potion of lignification {unknown}
 g - a potion of mutation
 o - a potion of resistance {unknown}
 q - a potion of ambrosia {unknown}
Comestibles
 c - 2 rations
 f - a chunk of flesh


   Skills:
 + Level 4.0 Fighting
 * Level 4.8 Maces & Flails
 * Level 3.0 Armour
 * Level 2.5 Dodging
 * Level 0.8 Stealth
 * Level 0.3 Evocations


You had 3 spell levels left.
You didn't know any spells.
Your spell library was empty.

Dungeon Overview and Level Annotations

Branches:
Dungeon (2/15)

Altars:
Kikubaaqudgha
Makhleb
Yredelemnul

Annotations:
D:2 Menkaure, Natasha


Innate Abilities, Weirdness & Mutations

You reflexively headbutt those who attack you in melee.
You have a pair of horns on your head.
You are partially covered in slimy green scales. (AC +2)
You passively map a small area around you.
Your spells are a little harder to cast, but a little more powerful.
You expend magic power (3 MP) to strengthen your wands.


Message History

You hit Natasha. Your headbutt misses Natasha.
Natasha is heavily wounded.
Natasha claws you. The crimson imp closely misses you. You furiously retaliate!
You headbutt the crimson imp! You hit Natasha but do no damage.
Natasha is heavily wounded.
Natasha claws you!
* * * LOW HITPOINT WARNING * * *
The crimson imp closely misses you. You furiously retaliate!
You headbutt the crimson imp, but do no damage.
Natasha claws you!
* * * LOW HITPOINT WARNING * * *
The crimson imp blinks!
It was a potion of mutation.
You feel extremely strange.
You feel a strange attunement to the structure of the dungeons.
You feel less in control of your magic.
You feel your magical essence link to your wands.
Slimy green scales grow over part of your body.
Natasha claws you.
You die...

#......<# , #.......#
#.. ## #.......# #..#
.., #.......#
...*.#**
#.......#####.5#.#
#................#
#######.###.##...####
#...#...h§..(.# ###.#
###@#* , #<.# #...# *
######..###.### *
#.........#.# , *
#.#.#####.#.###.##
#.................#
#.._..###...#######
##...## ##### #####


You could see Natasha and a crimson imp.

Vanquished Creatures
  Natasha (D:2)
  An adder (D:2)
  A worm (D:2)
  A dart slug (D:1)
  2 leopard geckos (D:1)
  5 bats (D:1)
  2 giant cockroaches (D:1)
  3 goblins (D:1)
  4 hobgoblins
  6 frilled lizards
  2 kobolds (D:1)
  6 rats (D:1)
34 creatures vanquished.

Notes
Turn   | Place    | Note
-------+----------+-------------------------------------------
     0 | D:1      | whitewolfNL the Minotaur Berserker began the quest for the
                  | Orb.
     0 | D:1      | Reached XP level 1. HP: 19/19 MP: 0/0
     2 | D:1      | Noticed an elf
     2 | D:1      | Noticed a formicid
     4 | D:1      | Noticed an ogre
     4 | D:1      | Noticed a draconian
     6 | D:1      | Noticed a spriggan
     8 | D:1      | Noticed an octopode
     8 | D:1      | Noticed a troll
    10 | D:1      | Noticed a felid
    10 | D:1      | Noticed a merfolk
    13 | D:1      | Noticed a dwarf
    13 | D:1      | Noticed a vine stalker
    15 | D:1      | Noticed a naga
    15 | D:1      | Noticed a centaur
    17 | D:1      | Noticed a vampire
    17 | D:1      | Noticed a demonspawn
    19 | D:1      | Noticed a minotaur
    19 | D:1      | Noticed a human
    22 | D:1      | Noticed a ghoul
    24 | D:1      | Noticed a gargoyle
    26 | D:1      | Noticed a tengu
    26 | D:1      | Noticed a demigod
    28 | D:1      | Noticed a halfling
   134 | D:1      | Reached XP level 2. HP: 15/27 MP: 1/1
   689 | D:1      | Reached ** piety under Trog
   696 | D:1      | Reached XP level 3. HP: 24/33 MP: 2/2
   955 | D:2      | Found an ancient bone altar of Kikubaaqudgha.
   955 | D:2      | Noticed Menkaure
   956 | D:2      | Found a basalt altar of Yredelemnul.
   956 | D:2      | Noticed a necrophage
  1002 | D:2      | Noticed Natasha
  1007 | D:2      | Killed Natasha
  1092 | D:2      | Reached XP level 4. HP: 37/40 MP: 3/3
  1124 | D:2      | Found a burning altar of Makhleb.
  1143 | D:2      | Noticed Natasha
  1149 | D:2      | HP: 1/40 [Natasha (8)]
  1150 | D:2      | Gained mutation: You passively map a small area around you.
                  | [potion of mutation]
  1150 | D:2      | Gained mutation: Your spells are a little harder to cast,
                  | but a little more powerful. [potion of mutation]
  1150 | D:2      | Gained mutation: You expend magic power (3 MP) to
                  | strengthen your wands. [potion of mutation]
  1150 | D:2      | Gained mutation: You are partially covered in slimy green
                  | scales. (AC +2) [potion of mutation]
  1150 | D:2      | Slain by Natasha

Skill      XL: |  1  2  3 |
---------------+----------+-----
Maces & Flails | 4 |  4.8
Fighting       | 4 |  4.0
Armour         | 3 |  3.0
Dodging        | |  2.5
Stealth        | |  0.8
Evocations     | |  0.3

Action                   |  1- 3 |  4- 6 || total
-------------------------+-------+-------++-------
Melee: Mace              |    59 |     7 ||    66
       Headbutt          |     3 |       ||     3
Invok: Berserk           |     1 |       ||     1
  Use: Potion            |       |     1 ||     1
  Eat: Chunk             |     2 |       ||     2
Armor: Leather armour    |     9 |     1 ||    10
       Animal skin       |     1 |       ||     1
Dodge: Dodged            |    44 |     4 ||    48
